 Dungeon Crawl Stone Soup version 0.19-a0-1587-gaef70b6 (webtiles) character file.

108 Amnesiac the Charlatan (level 4, -7/32 HPs)
             Began as a Mummy Artificer on Sept 16, 2016.
             Killed by divine providence
             ... invoked by an orc priest
              (10 damage)
             ... on level 4 of the Dungeon.
             The game lasted 00:03:47 (854 turns).

Amnesiac the Charlatan (Mummy Artificer)             Turns: 854, Time: 00:03:48

Health: -7/32      AC:  9    Str: 15    XL:     4   Next: 58%
Magic:  7/7        EV: 11    Int: 10    God:
Gold:   91         SH:  0    Dex: 13    Spells: 0 memorised, 3 levels left

rFire  x . .     SeeInvis .     i - +1 flail (venom)
rCold  + . .     Gourm    .     j - +4 ring mail
rNeg   + + +     Faith    .     (no shield)
rPois  ∞         Spirit   .     (no helmet)
rElec  .         Dismiss  .     (no cloak)
rCorr  .         Reflect  .     (no gloves)
MR     .....     Harm     .     (no boots)
Stlth  +.........               (no amulet)
                                (no ring)
                                (no ring)

@: no status effects
A: no food or potions, fire vulnerability, cold resistance 1, negative energy
resistance 3, torment resistance, unbreathing
a: no special abilities


You were on level 4 of the Dungeon.
You were not hungry.

You visited 1 branch of the dungeon, and saw 4 of its levels.

You collected 91 gold pieces.

Inventory:

Hand Weapons
 f - a +1 antimagic whip
 i - a +1 flail of venom (weapon)
Armour
 j - a +4 ring mail (worn)
Wands
 c - a wand of flame (5/48)
 d - a wand of enslavement (10/24)
 e - a wand of random effects (10/48)
Scrolls
 a - 2 scrolls of teleportation {unknown}
 g - 4 scrolls of identify {unknown}
 h - a scroll of random uselessness {unknown}


   Skills:
 - Level 1.0 Fighting
   Level 0.7 Short Blades
 - Level 1.5 Dodging
 - Level 0.7 Stealth
 + Level 4.4 Evocations


You had 3 spell levels left.
You didn't know any spells.

Dungeon Overview and Level Annotations

Branches:
Dungeon (4/15)
 Temple: D:4-7

Altars:

Annotations:
D:4 Eustachio, Sigmund


Innate Abilities, Weirdness & Mutations

You do not eat or drink.
Your flesh is vulnerable to fire.
You are immune to poison.
Your flesh is cold resistant. (rC+)
You are immune to negative energy. (rN+++)
You are immune to unholy pain and torment.
You can survive without breathing.


Message History

Unknown command.
Unknown command.
You can't drink.
Unknown command.
Evoke which item? (* to show all) (? for menu, Esc to quit)
Zapping:
e - a wand of random effects (10/48)
Press: ? - help, Shift-Dir - straight line, f/p - Eustachio
Aim: Eustachio, wielding a rapier and wearing a runed leather armour (severely wounded, poisoned)
Okay, then.
Unknown command.
Evoke which item? (* to show all) (? for menu, Esc to quit)
Zapping:
c - a wand of flame (6/48)
Press: ? - help, Shift-Dir - straight line, f - orc priest, p - Eustachio
Aim: an orc priest, wielding a hand axe and wearing a scale mail (heavily wounded, poisoned)
The puff of flame hits the orc priest.
The orc priest is almost dead.
This wand has 5 charges left.
The rat bites you but does no damage.
The orc priest calls down the wrath of Beogh upon you.
Beogh smites you!
You die...

...#
##...).#....##
.....#.......)..##
................#
....#...........#
....###.........#
.....####...##..#
.....# #..####.##
...... #..## ##o#
... #@# .. #r##
##.# #..# #...#
#.§..# ..@..#
.$..## ....#


You could see Eustachio, an orc priest and a rat.

Vanquished Creatures
  An orc priest (D:3)
  Terence (D:3)
  3 gnolls
  2 worms
  3 orcs
  3 hobgoblins
  A kobold (D:1)
  A frilled lizard (D:2)
  2 goblins
17 creatures vanquished.

Vanquished Creatures (collateral kills)
  2 orcs (D:4)
2 creatures vanquished.

Grand Total: 19 creatures vanquished

Notes
Turn   | Place    | Note
-------+----------+-------------------------------------------
     0 | D:1      | Amnesiac the Mummy Artificer began the quest for the Orb.
     0 | D:1      | Reached XP level 1. HP: 15/15 MP: 2/2
   184 | D:1      | Reached skill level 3 in Evocations
   184 | D:1      | Reached XP level 2. HP: 18/21 MP: 0/4
   295 | D:2      | Reached XP level 3. HP: 21/26 MP: 1/5
   397 | D:3      | Noticed Terence
   402 | D:3      | Killed Terence
   402 | D:3      | Reached skill level 4 in Evocations
   500 | D:3      | Reached XP level 4. HP: 32/32 MP: 7/7
   579 | D:4      | Noticed a phantom
   667 | D:4      | Noticed Sigmund
   836 | D:4      | Noticed Eustachio
   854 | D:4      | Killed from afar by an orc priest

Vault maps used:
D:1:      lemuel_arrival_funnel, kennysheep_minor_cross,
          hangedman_decor_slide_cut
D:2:      cheibriados_altar_1, uniq_jessica
D:3:      makhleb_heckhound_becter, uniq_terence
D:4:      portal_sewer_entry_e, first_bread, uniq_eustachio, uniq_sigmund

Skill      XL: |  1  2  3 |
---------------+----------+-----
Evocations     | 3 4 |  4.4
Fighting       | |  1.0
Short Blades   | |  0.7
Dodging        | |  1.5
Stealth        | |  0.7

Action                   |  1- 3 |  4- 6 || total
-------------------------+-------+-------++-------
Melee: Whip              |    29 |       ||    29
       Flail             |    11 |    25 ||    36
Evoke: Wand              |    12 |     8 ||    20
 Stab: Sleeping          |     1 |       ||     1
Armor: Leather armour    |     5 |       ||     5
       Ring mail         |     4 |     9 ||    13
Dodge: Dodged            |    28 |    13 ||    41
